 Dungeon Crawl Stone Soup version 0.28-a0-586-gbdb9d174a4 (webtiles) character file.

Game seed: 5071720756220572946

112 Gargoyl the Skirmisher (level 4, 0/41 HPs)
             Began as a Gnoll Abyssal Knight on Oct 3, 2021.
             Was a Follower of Lugonu.
             Slain by Sigmund (6 damage)
             ... on level 2 of the Dungeon.
             The game lasted 00:03:08 (3107 turns).

Gargoyl the Skirmisher (Gnoll Abyssal Knight)       Turns: 3107, Time: 00:03:09

Health: 0/41       AC:  9    Str: 16 (19) XL:     4   Next: 95%
Magic:  7/7        EV:  7    Int:  7 (9)  God:    Lugonu [*.....]
Gold:   122        SH:  0    Dex: 10 (13) Spells: 5/5 levels left

rFire   + . .      SeeInvis .   a - +1 hand axe
rCold   . . .      Faith    .   (no shield)
rNeg    . . .      Spirit   .   i - +0 chain mail
rPois   .          Reflect  .   (no helmet)
rElec   .          Harm     .   (no cloak)
rCorr   .          Rampage  .   (no gloves)
Will    .....                   (no boots)
Stlth   ..........              (no amulet)
HPRegen 0.13/turn               c - +6 ring of strength
MPRegen 0.10/turn               h - ring of protection from fire

@: mighty, attractive
A: fangs 1, strong nose, distributed training
a: Renounce Religion, Depart the Abyss


You were on level 2 of the Dungeon.
You worshipped Lugonu.
Lugonu was aware of your devotion.
You visited 1 branch of the dungeon, and saw 2 of its levels.
You visited the Abyss 1 time.

You collected 122 gold pieces.

Inventory:

Hand Weapons
 a - a +1 hand axe (weapon)
Armour
 b - a +0 leather armour
 i - a +0 chain mail (worn)
Jewellery
 c - a +6 ring of strength (left hand)
 h - a ring of protection from fire (right hand)
 k - a ring of protection from fire
Scrolls
 j - a scroll of teleportation {unknown}
 l - 2 scrolls of identify {unknown}
Potions
 m - a potion of heal wounds {unknown}


   Skills:
 + Level 6.6 Fighting
 + Level 1.2 Short Blades
 + Level 1.2 Long Blades
 + Level 4.7 Axes
 + Level 1.2 Maces & Flails
 + Level 1.2 Polearms
 + Level 1.2 Staves
 + Level 1.2 Slings
 + Level 1.2 Bows
 + Level 1.2 Crossbows
 + Level 1.2 Throwing
 + Level 4.7 Armour
 + Level 2.8 Dodging
 + Level 1.2 Stealth
 + Level 1.2 Shields
 + Level 1.2 Unarmed Combat
 + Level 1.2 Spellcasting
 + Level 1.0 Conjurations
 + Level 1.0 Hexes
 + Level 1.0 Summonings
 + Level 1.0 Necromancy
 + Level 1.0 Translocations
 + Level 1.0 Transmutations
 + Level 1.0 Fire Magic
 + Level 1.0 Ice Magic
 + Level 1.0 Air Magic
 + Level 1.0 Earth Magic
 + Level 1.0 Poison Magic
 + Level 4.7 Invocations
 + Level 1.2 Evocations


You had 5 spell levels left.
You didn't know any spells.
Your spell library contained the following spells:

 Spells                   Type           Power      Damage    Failure   Level
 Ozocubu's Armour         Ice            1%         N/A       100%        3
 Metabolic Englaciation   Hex/Ice        0%         N/A       100%        5
 Simulacrum               Ice/Necr       0%         N/A       100%        6


Dungeon Overview and Level Annotations

Branches:
Dungeon (2/15)

Altars:

Annotations:
D:2 Sigmund


Innate Abilities, Weirdness & Mutations

You have very sharp teeth.
Your uncanny sense of smell can sniff out nearby items.
Your experience applies equally to all skills.


Message History

You are confused.
Sigmund hits you but does no damage.
Sigmund gestures wildly while chanting.
Sigmund flickers and vanishes!
Deactivating autopickup; reactivate with Ctrl-A.
Unknown command.
You cannot move. (Use ctrl+direction or * direction to attack without moving.)
You cannot move. (Use ctrl+direction or * direction to attack without moving.)
You cannot move. (Use ctrl+direction or * direction to attack without moving.)
Something hits you but does no damage.
Your transformation is almost over.
A magic dart appears from out of thin air!
The magic dart hits you but does no damage.
You feel less confused. Something hits you but does no damage.
Something hits you but does no damage. Something hits you! Something hits you.
A magic dart appears from out of thin air!
The magic dart hits you. Something hits you.
Something hits you but does no damage.
You feel less wooden.
Your +0 chain mail unmelds from your body.
It was a potion of attraction.
You feel attractive to monsters. Something hits you.
Something is attracted toward you.
It was a potion of might.
You feel very mighty all of a sudden.
You hear some strange, mumbled words.
A puff of flame appears from out of thin air!
The puff of flame hits you. You resist.
You miss something.
You hear some strange, mumbled words.
Something tries to affect you, but you resist.
You barely miss something. You bite something. Something hits you!
* * * LOW HITPOINT WARNING * * *
You closely miss something. Your bite misses something.
You closely miss something. Something hits you.
You die...

... ..## ...# ...#
@..# ...
#############.#.####
#....(..@{..........
#.##################
#.# ∆ #.# #.# ∆
#########.#
..........# ∆
########### .# #...#
.#


There were no monsters in sight!

Vanquished Creatures
  4 gnolls
  2 adders (D:2)
  An adder skeleton (D:2)
  3 dart slugs
  2 endoplasms
  A giant cockroach (D:2)
  4 hobgoblins (D:1)
  3 jackals (D:1)
  4 kobolds
  4 quokkas
  4 ball pythons
  6 bats
  2 frilled lizards (D:1)
  6 goblins
  2 rats (D:2)
48 creatures vanquished.

Notes
Turn   | Place    | Note
-------+----------+-------------------------------------------
     0 | Abyss:1  | Gargoyl the Gnoll Abyssal Knight began the quest for the
                  | Orb.
     0 | Abyss:1  | Reached XP level 1. HP: 23/23 MP: 3/3
    46 | Abyss:2  | Noticed an iron imp
    69 | Abyss:2  | Noticed a smoke demon
    74 | D:1      | Escaped the Abyss
   353 | D:1      | Reached XP level 2. HP: 29/29 MP: 5/5
   487 | D:1      | Reached * piety under Lugonu
   695 | D:1      | Found a faded altar of an unknown god.
  1006 | D:1      | Reached XP level 3. HP: 33/35 MP: 6/6
  1684 | D:1      | Reached skill level 1 in Short Blades
  1684 | D:1      | Reached skill level 1 in Long Blades
  1684 | D:1      | Reached skill level 1 in Maces & Flails
  1684 | D:1      | Reached skill level 1 in Polearms
  1684 | D:1      | Reached skill level 1 in Staves
  1684 | D:1      | Reached skill level 1 in Slings
  1684 | D:1      | Reached skill level 1 in Bows
  1684 | D:1      | Reached skill level 1 in Crossbows
  1684 | D:1      | Reached skill level 1 in Throwing
  1684 | D:1      | Reached skill level 1 in Stealth
  1684 | D:1      | Reached skill level 1 in Shields
  1684 | D:1      | Reached skill level 1 in Unarmed Combat
  1684 | D:1      | Reached skill level 1 in Spellcasting
  1684 | D:1      | Reached skill level 1 in Evocations
  1684 | D:1      | Reached XP level 4. HP: 11/41 MP: 7/7
  2443 | D:2      | Reached skill level 1 in Conjurations
  2443 | D:2      | Reached skill level 1 in Hexes
  2443 | D:2      | Reached skill level 1 in Summonings
  2443 | D:2      | Reached skill level 1 in Necromancy
  2443 | D:2      | Reached skill level 1 in Translocations
  2443 | D:2      | Reached skill level 1 in Transmutations
  2443 | D:2      | Reached skill level 1 in Fire Magic
  2443 | D:2      | Reached skill level 1 in Ice Magic
  2443 | D:2      | Reached skill level 1 in Air Magic
  2443 | D:2      | Reached skill level 1 in Earth Magic
  2443 | D:2      | Reached skill level 1 in Poison Magic
  3060 | D:2      | Noticed Sigmund
  3107 | D:2      | Slain by Sigmund

Illustrated notes

Levels and vault maps discovered:
D:1:      minmay_arrival_doors, layout_basic,
          chequers_ecumenical_altar_simple_redux, minmay_misc_feat_nine_boxes
D:2:      layout_basic, minmay_misc_feat_diagonals, uniq_sigmund

Skill      XL: |  1  2  3  4 |
---------------+-------------+-----
Short Blades   | 1 |  1.2
Long Blades    | 1 |  1.2
Maces & Flails | 1 |  1.2
Polearms       | 1 |  1.2
Staves         | 1 |  1.2
Slings         | 1 |  1.2
Bows           | 1 |  1.2
Crossbows      | 1 |  1.2
Throwing       | 1 |  1.2
Stealth        | 1 |  1.2
Shields        | 1 |  1.2
Unarmed Combat | 1 |  1.2
Spellcasting   | 1 |  1.2
Evocations     | 1 |  1.2
Conjurations   | 1 |  1.0
Hexes          | 1 |  1.0
Summonings     | 1 |  1.0
Necromancy     | 1 |  1.0
Translocations | 1 |  1.0
Transmutations | 1 |  1.0
Fire Magic     | 1 |  1.0
Ice Magic      | 1 |  1.0
Air Magic      | 1 |  1.0
Earth Magic    | 1 |  1.0
Poison Magic   | 1 |  1.0
Fighting       | |  6.6
Axes           | |  4.7
Armour         | |  4.7
Dodging        | |  2.8
Invocations    | |  4.7

Action                   |  1- 3 |  4- 6 || total
-------------------------+-------+-------++-------
Melee: Hand axe          |    82 |    62 ||   144
       Bite              |     7 |     7 ||    14
       Punch             |       |     1 ||     1
Invok: Depart the Abyss  |     1 |       ||     1
  Use: Potion            |       |     4 ||     4
 Stab: Sleeping          |     1 |       ||     1
Armor: Leather armour    |    30 |     5 ||    35
       Chain mail        |       |    15 ||    15
       Skin              |       |    13 ||    13
Dodge: Dodged            |    87 |    37 ||   124

Table legend: (Time is in decaauts)
 A = Elapsed time spent in this place.
 B = Non-inter-level travel time spent in this place.
 C = Inter-level travel time spent in this place.
 D = Time resting spent in this place.
 E = Time spent auto-exploring this place.
 F = Levels seen in this place.
 G = Mean time per level.
                   A        B        C        D        E       F      G
               +--------+--------+--------+--------+--------+-----+--------+
         Total |   3121 |   3121 |      0 |    763 |   1790 |   4 |  780.2 |
       Dungeon |   3047 |   3047 |      0 |    763 |   1750 |   2 | 1523.5 |
         Abyss |     73 |     73 |      0 |      0 |     40 |   2 |   36.5 |
               +--------+--------+--------+--------+--------+-----+--------+

Top non-repeatable levels by time:
     D:1: 2027 daAuts
     D:2: 1020 daAuts
 Abyss:1: 37 daAuts
 Abyss:2: 36 daAuts
